 Dungeon Crawl Stone Soup version 0.24-a0-69-g55f835606b (webtiles) character file.

Game seed: 9232236755784574323

130 Flugslaktarn the Chopper (level 4, -5/41 HPs)
             Began as a Minotaur Fighter on Feb 6, 2019.
             Killed by divine providence
             ... invoked by an orc priest
              (14 damage)
             ... on level 3 of the Dungeon.
             The game lasted 00:01:17 (1700 turns).

Flugslaktarn the Chopper (Minotaur Fighter)         Turns: 1700, Time: 00:01:18

Health: -5/41      AC:  8    Str: 21    XL:     4   Next: 90%
Magic:  3/3        EV:  7    Int:  5    God:
Gold:   65         SH:  9    Dex: 10    Spells: 3/3 levels left

rFire    . . .     SeeInvis .   a - +0 war axe
rCold    . . .     Gourm    .   c - +0 shield
rNeg     . . .     Faith    .   b - +0 scale mail
rPois    .         Spirit   .   (helmet restricted)
rElec    .         Reflect  .   (no cloak)
rCorr    .         Harm     .   h - +0 pair of gloves
MR       .....                  (no boots)
Stlth    ..........             (no amulet)
HPRegen  0.13/turn              (no ring)
MPRegen  0.08/turn              (no ring)

@: no status effects
A: retaliatory headbutt, horns 2
a: no special abilities


You were on level 3 of the Dungeon.
You were hungry.

You visited 1 branch of the dungeon, and saw 3 of its levels.

You collected 65 gold pieces.

Inventory:

Hand Weapons
 a - a +0 war axe (weapon)
Missiles
 g - 2 throwing nets (quivered)
Armour
 b - a +0 scale mail (worn)
 c - a +0 shield (worn)
 h - a +0 pair of gloves (worn)
Jewellery
 i - an uncursed ring of stealth
Scrolls
 e - 2 scrolls of teleportation {@r3}
 k - a scroll of remove curse {unknown}
 l - a scroll of fog {unknown}
Potions
 d - a potion of might {@q4}
 j - a potion of haste {unknown}
Comestibles
 f - 2 rations {@e1}


   Skills:
 + Level 4.6 Fighting
 * Level 4.7 Axes
 + Level 4.6 Armour
 - Level 3.6 Shields


You had 3 spell levels left.
You didn't know any spells.
Your spell library was empty.

Dungeon Overview and Level Annotations

Branches:
Dungeon (3/15)

Altars:


Innate Abilities, Weirdness & Mutations

You reflexively headbutt those who attack you in melee.
You have a pair of horns on your head.


Message History

You are too injured to fight recklessly!
You are too injured to fight recklessly!
You are too injured to fight recklessly!
You are too injured to fight recklessly!
You are too injured to fight recklessly!
You are too injured to fight recklessly!
Unknown command.
You slash the orc priest!
The orc priest is almost dead.
You hit something. Something hits you but does no damage.
The orc priest calls down the wrath of Beogh upon you.
Pain shoots through your body!
* * * LOW HITPOINT WARNING * * *
You hit the orc priest but do no damage.
Your headbutt misses the orc priest.
The orc priest is almost dead.
You closely miss something. Something hits you but does no damage.
The orc priest invokes the aid of Beogh against you.
Beogh smites you!
You die...

#.....# #.#......
#.....# #.##.####
##.....#######.#......
#............#.#..###.
#.......(...........#.
#............#.####.##
#............#. .##
#...)(.......# ##
#...{@.......# #
#...o........# #
#............# #..
#............# #.#
#............# #.
#............ #
.............
#...########..


You could see an orc priest.

Vanquished Creatures
  Robin (D:2)
  4 gnolls (D:3)
  An adder (D:3)
  An ooze (D:3)
  2 worms
  5 leopard geckos
  4 orcs (D:3)
  A ball python (D:3)
  A giant cockroach (D:1)
  10 goblins
  7 hobgoblins
  2 jackals (D:2)
  2 quokkas (D:2)
  4 bats
  2 frilled lizards (D:2)
  A kobold (D:2)
  4 rats
52 creatures vanquished.

Notes
Turn   | Place    | Note
-------+----------+-------------------------------------------
     0 | D:1      | Flugslaktarn the Minotaur Fighter began the quest for the
                  | Orb.
     0 | D:1      | Reached XP level 1. HP: 19/19 MP: 0/0
   102 | D:2      | Reached XP level 2. HP: 27/27 MP: 1/1
   165 | D:2      | Noticed Robin
   179 | D:2      | HP: 1/27 [Robin/+0 trident (5)]
   532 | D:2      | Reached XP level 3. HP: 33/33 MP: 2/2
   659 | D:2      | Killed Robin
  1003 | D:3      | Reached XP level 4. HP: 41/41 MP: 3/3
  1700 | D:3      | Killed from afar by an orc priest

Vault maps used:
D:1:      dpeg_arrival_renting, layout_basic, evilmike_ruin_ashenzari
D:2:      layout_basic, serial_corexii_hall, corexii_hall_statues_s,
          chequers_hall_statues_y, corexii_hall_statues_x,
          corexii_hall_statues_l, chequers_hall_statues_y,
          corexii_hall_statues_i, fountainhead, minmay_tetromino_t4, uniq_robin
D:3:      layout_basic

Skill      XL: |  1  2  3 |
---------------+----------+-----
Axes           | 3 4 |  4.7
Fighting       | 4 |  4.6
Armour         | 4 |  4.6
Shields        | |  3.6

Action                   |  1- 3 |  4- 6 || total
-------------------------+-------+-------++-------
Melee: War axe           |    71 |    37 ||   108
       Headbutt          |     6 |     7 ||    13
  Use: Scroll            |     3 |       ||     3
  Eat: Chunk             |       |     2 ||     2
Armor: Scale mail        |    42 |    24 ||    66
Dodge: Dodged            |    38 |    19 ||    57
Block: Shield            |    52 |    28 ||    80

Table legend:
 A = Non-vault XP
 B = Vault XP
 C = Vault XP percentage of total XP
 D = Non-vault monster count
 E = Vault monster count
 F = Vault count percentage of total count
                 A         B        C        D         E       F
            +---------+---------+-------+---------+---------+-------
      Total |     143 |      44 |  23.5 |      37 |      15 |  28.8
            +---------+---------+-------+---------+---------+-------
        D:1 |      10 |       0 |   0.0 |       5 |       0 |   0.0
        D:2 |      24 |      44 |  64.7 |      14 |      15 |  51.7
        D:3 |     109 |       0 |   0.0 |      18 |       0 |   0.0
            +---------+---------+-------+---------+---------+-------
